 Dungeon Crawl Stone Soup version 0.28.0-1-gb440e238dd (webtiles) character file.

Game seed: 4918938013739922792

39 hawla the Conjurer (level 3, -1/26 HPs)
             Began as a Draconian Conjurer on Feb 22, 2022.
             Succumbed to a gnoll's poison
             ... on level 2 of the Dungeon.
             The game lasted 00:02:34 (1546 turns).

hawla the Conjurer (Draconian Conjurer)             Turns: 1546, Time: 00:02:35

Health: -1/26      AC:  5    Str:  9    XL:     3   Next: 26%
Magic:  1/6        EV: 12    Int: 20    God:
Gold:   92         SH:  0    Dex:  9    Spells: 3/6 levels left

rFire   . . .      SeeInvis .   (no weapon)
rCold   . . .      Faith    .   (no shield)
rNeg    . . .      Spirit   .   (armour unavailable)
rPois   .          Reflect  .   (helmet restricted)
rElec   .          Harm     .   (no cloak)
rCorr   .          Rampage  .   (no gloves)
Will    .....                   (no boots)
Stlth   ++........              (no amulet)
HPRegen 0.08/turn               (no ring)
MPRegen 0.10/turn               (no ring)

@: lethally poisoned (-1 -> -7), slowed, very slow
A: AC +5, unfitting armour, cold-blooded
a: no special abilities


You were on level 2 of the Dungeon.
You visited 1 branch of the dungeon, and saw 2 of its levels.

You collected 92 gold pieces.

Inventory:

Scrolls
 c - a scroll of noise {unknown}
 d - a scroll of acquirement {unknown}


   Skills:
 + Level 1.9 Dodging
 + Level 2.0 Stealth
 + Level 2.3 Spellcasting
 + Level 4.7 Conjurations


You had 3 spell levels left.
You knew the following spells:

 Your Spells              Type           Power      Damage    Failure   Level
a - Magic Dart            Conj           84%        1d7       2%          1
b - Searing Ray           Conj           42%        2d6       3%          2

Your spell library contained the following spells:

 Spells                   Type           Power      Damage    Failure   Level
 Dazzling Flash           Conj/Hex       22%        N/A       17%         3
 Fulminant Prism          Conj/Hex       5%         3d7       50%         4
 Iskenderun's Mystic Bla  Conj/Tloc      11%        2d4       50%         4
 Leda's Liquefaction      Hex/Erth       1%         N/A       83%         4
 Lee's Rapid Deconstruct  Erth           1%         3d5*      99%         5
 Statue Form              Tmut/Erth      1%         N/A       100%        6


Dungeon Overview and Level Annotations

Branches:
Dungeon (2/15)

Altars:

Shops:
D:2 :


Innate Abilities, Weirdness & Mutations

Your plain brown scales are hard. (AC +5)
You cannot fit into any form of body armour.
You are cold-blooded and may be slowed by cold attacks.


Message History

Press: ? - help, Shift-Dir - straight line, f - gnoll
Aim: a gnoll, wielding a +0 whip and quivering poisoned darts (100% to hit)
The magic dart hits the gnoll.
The gnoll is moderately wounded.
You feel very sick.
The gnoll throws a poisoned dart.
The poisoned dart barely misses you.
You feel very sick.
Casting: Magic Dart (safe; 2% risk of failure)
Confirm with . or Enter, or press ? or * to list all spells.
Aiming: Searing Ray (safe; 3% risk of failure)
Press: ? - help, Shift-Dir - straight line, f/p - gnoll
Aim: a gnoll, wielding a +0 whip and quivering poisoned darts (moderately wounded, 81% to hit)
The searing ray hits the endoplasm.
The endoplasm is severely wounded.
The searing ray hits the gnoll!
The gnoll is severely wounded. (Press . to maintain the ray.)
You feel very sick.
Without enough magic to sustain it, your searing ray dissipates.
You feel sick. The endoplasm freezes you.
You are frozen.
You feel yourself slow down.
Unknown command.
Casting: Searing Ray (safe; 3% risk of failure)
Confirm with . or Enter, or press ? or * to list all spells.
You don't have enough magic to cast this spell.
You are too injured to fight recklessly!
You aren't carrying any potions.
Really read the scroll of immolation?
As you read the scroll of immolation, it crumbles to dust.
The creatures around you are filled with an inner flame!
You feel yourself speed up.
* * * LOW HITPOINT WARNING * * *
You feel very sick.
The endoplasm hits you but does no damage.
The endoplasm freezes you.
You are frozen.
* * * LOW HITPOINT WARNING * * *
You feel yourself slow down.
You die...

#####+#..# #........
.##.......# .........#
..#.......# #.###
..........# #.[.
#....Jg..##### #..#
#.......# ###..##
#@...)..# ..#...
#.......# .8...#
....#.......#
#.##.##.####...#.......#
<∩.8.##........#.......#
.........##....#.......#
.8.#####.#..........####
......##.#......#..##
#####.#.....#...#).#


You could see a gnoll (inner flame) and an endoplasm (inner flame).

Vanquished Creatures
  2 gnolls
  3 ball pythons
  3 bats (D:1)
  An endoplasm (D:1)
  2 giant cockroaches (D:1)
  2 goblins
  A hobgoblin (D:1)
  A quokka (D:1)
  2 kobolds
  A rat (D:1)
18 creatures vanquished.

Notes
Turn   | Place    | Note
-------+----------+-------------------------------------------
     0 | D:1      | hawla the Draconian Conjurer began the quest for the Orb.
     0 | D:1      | Reached XP level 1. HP: 14/14 MP: 3/3
   433 | D:1      | Reached XP level 2. HP: 20/20 MP: 1/5
   436 | D:1      | Learned a level 2 spell: Searing Ray
   678 | D:1      | Found a faded altar of an unknown god.
  1387 | D:2      | Found Naogg's Book Shoppe.
  1449 | D:2      | Reached XP level 3. HP: 26/26 MP: 3/6
  1545 | D:2      | HP: 1/26 [frozen (5)]
  1546 | D:2      | Succumbed to a gnoll's poison

Illustrated notes

Levels and vault maps discovered:
D:1:      elethiomel_arrival_maze, layout_basic,
          shapermc_ecumenical_altar_mp_urbaneastern
D:2:      layout_basic, serial_shops, nicolae_shop_hallway_plus,
          nicolae_shop_statue_plus

Skill      XL: |  1  2 |
---------------+-------+-----
Stealth        | 2 |  2.0
Dodging        | |  1.9
Spellcasting   | |  2.3
Conjurations   | |  4.7

Action                   || total
-------------------------++-------
Melee: Unarmed           ||    14
 Cast: Magic Dart        ||    20
       Searing Ray       ||     9
  Use: Scroll            ||     3
       Potion            ||     1
Armor: Skin              ||     8
Dodge: Dodged            ||    11
